Map: Kairos Junction LE

Players

llIllllIllll - Winner!

  • Race: Protoss Protoss
  • League: Master
  • Spawn Location: 11:00

Kunamatata

  • Race: Terran Terran
  • League: Master
  • Spawn Location: 5:00

VOD

Have the link to the VOD?

Description

Time

  • Played on: Jan. 5, 2019, 8:25 p.m.
  • Length: 4:19
Show
View Real Time Build Order
Export as new Build Order

llIllllIllll Protoss - Winner!

Build Orders:  

Get SALT Encoding   

  12  0:01  Probe  
  13  0:13  Probe  
  14  0:25  Probe  
  15  0:28  Pylon  
  15  0:44  Probe  
  15  0:47  Forge  
  16  0:53  Probe  
  17  0:59  Pylon  
  17  1:01  Probe  
  18  1:17  Gateway  
  18  1:20  Gateway  
  18  1:28  Pylon  
  18  1:44  Photon Cannon  
  18  1:48  Photon Cannon  
  18  1:58  Zealot, Pylon  
  18  2:02  Zealot  
  22  2:19  Pylon  
  22  2:23  Zealot  
  22  2:27  Zealot  
  26  2:35  Photon Cannon  
  26  2:38  Photon Cannon  
  21  3:07  Probe  
  20  3:19  Probe  
  21  3:20  Zealot x2  
  21  3:24  Assimilator  
  23  3:31  Probe  
  23  3:43  Probe  
  23  3:55  Probe  
Show
View Real Time Build Order
Export as new Build Order

Kunamatata Terran 

Build Orders:  

Get SALT Encoding   

  12  0:00  SCV  
  13  0:12  SCV  
  14  0:17  Supply Depot  
  14  0:25  Refinery  
  14  0:29  SCV  
  15  0:41  SCV  
  16  0:47  Barracks  
  16  0:55  SCV  
  17  0:58  Refinery  
  17  1:07  SCV  
  18  1:19  SCV  
  19  1:34  Reaper, Orbital Command  
  19  1:39  Factory  
  20  1:52  Supply Depot  
  20  2:01  SCV  
  21  2:10  Barracks Reactor  
  21  2:13  SCV  
  22  2:25  SCV  
  22  2:26  Hellion  
  22  2:39  SCV  
  23  2:47  Hellion  
  23  2:55  SCV  
  16  3:07  SCV  
  13  3:19  SCV  
  10  3:31  SCV  
Tags
 
Add a new tag
Caveats
  • Supply blocks, unpowered buildings, or Contaminate may cause inaccurate times.
  • Supply counts are checked every 10 seconds.